 Dungeon Crawl Stone Soup version 0.25-a0-523-g9afb2ee040 (webtiles) character file.

Game seed: 10265793889045238396, levelgen mode: classic

9779 EnegeticOcto the Cleaver (level 11, -8/95 HPs)
             Began as a Deep Dwarf Fighter on Feb 18, 2020.
             Was a Priest of Makhleb.
             Mangled by an orc warrior
             ... wielding a +0 glaive
              (22 damage)
             ... in a bailey.
             The game lasted 00:05:16 (6384 turns).

EnegeticOcto the Cleaver (Deep Dwarf Fighter)       Turns: 6384, Time: 00:05:16

Health: -8/95      AC: 11    Str: 24    XL:     11   Next: 27%
Magic:  5/5        EV: 11    Int:  8    God:    Makhleb [***...]
Gold:   322        SH: 11    Dex: 12    Spells: 10/10 levels left

rFire    . . .     SeeInvis +   r - +3 hand axe (freeze)
rCold    . . .     Gourm    .   c - +0 kite shield
rNeg     . . .     Faith    .   t - +0 chain mail
rPois    .         Spirit   .   p - +1 hat {SInv}
rElec    .         Reflect  .   (no cloak)
rCorr    +         Harm     .   (no gloves)
MR       +....     Clarity  +   (no boots)
Stlth    ..........             (no amulet)
HPRegen  0.00/turn              v - +1 ring of evasion
MPRegen  0.09/turn              G - ring of resist corrosion

@: non-regenerating
A: damage resistance, heal wounds, horns 1, clarity, frail 1, sense surroundings
2, subdued magic 1, no regeneration
a: Heal Wounds, Minor Destruction, Lesser Servant of Makhleb, Renounce Religion


You were in a bailey.
You worshipped Makhleb.
Makhleb was most pleased with you.
You were not hungry.

You visited 1 branch of the dungeon, and saw 10 of its levels.
You also visited: Sewer and Bailey.

You collected 503 gold pieces.
You spent 181 gold pieces at shops.

Inventory:

Hand Weapons
 a - a +0 war axe
 r - a +3 hand axe of freezing (weapon)
Armour
 c - a +0 kite shield (worn)
 j - a +1 helmet
 p - a +1 hat of see invisible (worn)
 t - a +0 chain mail (worn)
Jewellery
 v - a +1 ring of evasion (left hand)
 G - a ring of resist corrosion (right hand)
Wands
 b - a wand of flame (38)
 l - a wand of disintegration (9)
 x - a wand of iceblast (6)
 y - a wand of paralysis (8)
 B - a wand of polymorph (10)
Scrolls
 d - 5 scrolls of identify {@r1}
 f - 3 scrolls of remove curse {@r6}
 g - a scroll of vulnerability {unknown}
 h - a scroll of fog
 i - 7 scrolls of enchant armour
 o - 7 scrolls of teleportation {@r2}
 s - 2 scrolls of magic mapping {@r5}
 A - a scroll of acquirement {unknown}
Potions
 k - 2 potions of might {@q3}
 m - 2 potions of resistance {@q6}
 n - 2 potions of haste {@q4}
 q - 4 potions of curing {@q1}
 u - 2 potions of brilliance
 w - 3 potions of lignification {@q7}
 z - 2 potions of invisibility
 C - 2 potions of magic
 D - a potion of stabbing {unknown}
 E - 2 potions of degeneration {unknown}
 H - a potion of mutation
Comestibles
 e - 13 rations
 F - 9 chunks of flesh


   Skills:
 * Level 9.0 Fighting
 * Level 10.1 Axes
 + Level 7.6 Armour
 + Level 6.7 Dodging
 + Level 7.8 Shields
 + Level 7.1 Invocations


You had 10 spell levels left.
You didn't know any spells.
Your spell library contained the following spells:

 Spells                   Type           Power        Failure   Level  Hunger
 Animate Skeleton         Necr           N/A          99%         1    ##.....
 Pain                     Necr           #...         99%         1    ##.....
 Poisonous Vapours        Pois/Air       #.....       100%        2    ###....
 Conjure Flame            Conj/Fire      #.......     100%        3    ####...
 Mephitic Cloud           Conj/Pois/Air  #.......     100%        3    ####...
 Vampiric Draining        Necr           #.........   100%        3    ####...
 Animate Dead             Necr           N/A          100%        4    #####..
 Agony                    Necr           #.......     100%        5    ######.
 Freezing Cloud           Conj/Ice/Air   #.........   100%        6    #######
 Ring of Flames           Chrm/Fire      #.........   100%        7    #######


Dungeon Overview and Level Annotations

Branches:
Dungeon (10/15)            Temple (0/1) D:7            Lair (0/6) D:8
  Sewer (visited)          Bailey (1/1)
    Orc: D:9-12

Altars:
Ashenzari
Cheibriados
Fedhas
Gozag
Hepliaklqana
Makhleb
Nemelex Xobeh
Qazlal
Ru
Zin
The Shining One

Shops:
D:5 ?   D:7 *   D:8 }(   D:10 :%


Innate Abilities, Weirdness & Mutations

You are resistant to damage.
You can heal yourself by infusing magical energy.
You passively map the area around you.
You do not regenerate.
You have a pair of small horns on your head.
You possess an exceptional clarity of mind.
You are frail. (-10% HP)
Your spells are a little easier to cast, but a little less powerful.


Message History

Found a scroll labeled WULUOWK FITHO.
Found two gates leading back out of this place.
There is an open gate here.
A - a scroll labeled WULUOWK FITHO A demon appears!
A demon appears!
You can no longer hurl Makhleb's greater destruction.
A demon appears!
You feel much better.
Your magical essence is drained by the effort!
You feel much better.
You open the door. 3 orc warriors and an orc knight come into view.
The orc warrior shouts! x3; The orc knight shouts!
The orc knight roars a battlecry!
The orc warriors go into a battle-frenzy!
The orc warrior closely misses you.
Found a manual of Shields and a glowing bardiche.
Found a roughly hewn altar of Beogh.
The orc warrior hits you from afar with a +0 glaive!!
The orc warrior hits you from afar with a +0 trident!!
The orc warrior hits you but does no damage.
You swap places.
There is an open gate here.
The orc warrior closely misses your ynoxinul.
What are your orders? t - Shout!
Orders for allies: a - Attack new target. r - Retreat! s - Stop attacking. g - Guard the area. f - Follow me.
Anything else - Cancel.
Gang up on whom?
Press: ? - help, Dir - move target cursor, f - orc warrior
Aim: an orc warrior, wielding a +0 trident and wearing a +0 chain mail (unusually strong) Attack!
Your orange demon stings the orc warrior from afar!
The orc warrior looks as sick as possible!
Your orange demon poisons the orc warrior!
Your ynoxinul gestures.
Your ynoxinul gestures at the orc warrior.
The iron shot hits the orc knight!
The orc knight hits your ynoxinul with a +0 halberd!!
Your orange demon stings the orc warrior from afar.
Your ynoxinul hits the orc knight!
Your ynoxinul gestures.
The orc knight hits your ynoxinul with a +0 halberd!!
Your ynoxinul dies!
Your ufetubus disappears in a puff of smoke! x3
Your orange demon stings the orc warrior from afar!
The orc warrior looks as sick as possible!
Your orange demon poisons the orc warrior!
What are your orders? t - Shout!
Orders for allies: a - Attack new target. p - Attack previous target. r - Retreat! s - Stop attacking. g - Guard the area. f - Follow me.
Anything else - Cancel.
Gang up on whom?
Press: ? - help, Dir - move target cursor, f/p - orc warrior
Aim: an orc warrior, wielding a +0 trident and wearing a +0 chain mail (heavily wounded, unusually strong, extremely poisoned) Attack!
Your ynoxinul hits the orc knight but does no damage.
The orc knight hits your ufetubus with a +0 halberd!!
Your ufetubus dies!
Your orange demon stings the orc warrior from afar!
The orc warrior dies!
Makhleb accepts your kill.
Okay, then.
Your ynoxinul hits the orc knight!
The orc knight hits your orange demon with a +0 halberd!
Your ynoxinul hits the orc knight but does no damage.
Your ufetubus hits the orc knight. Your ufetubus misses the orc knight.
Your orange demon completely misses the orc knight.
Your orange demon hits the orc knight.
The orc knight looks weaker.
Your ynoxinul gestures.
The orc knight closely misses you.
Your ufetubus hits the orc knight but does no damage.
Your ufetubus hits the orc knight.
Your orange demon barely misses the orc knight.
Your orange demon hits the orc knight but does no damage.
There is an open gate here.
You swap places.
Your ynoxinul gestures.
You block the orc knight's attack.
The orc warrior hits you from afar with a +0 glaive!!
* * * LOW HITPOINT WARNING * * *
Your orange demon barely misses the orc knight.
Your orange demon hits the orc knight but does no damage.
There is a gate leading back out of this place, spattered with blood here.
You are too injured to fight recklessly!
You are too injured to fight recklessly!
You are too injured to fight recklessly!
You are too injured to fight recklessly!
You are too injured to fight recklessly!
You fail to use your ability.
Your ynoxinul misses the orc knight.
The orc knight hits your orange demon with a +0 halberd!
Your orange demon stings the orc knight but does no damage.
Your orange demon barely misses the orc knight.
The orc warrior hits you from afar with a +0 glaive!!
You die...

#. ≈≈.......... ,
≈##.##≈.......... , * *
.≈..^.o≈........ , , ,,
.≈##.o#≈...... , , , *∩
≈ , .≈≈#o#≈≈....#######
..≈≈≈≈≈...(.##....##,,,
≈ ,
.........((.##555..## ,
,
........(.((##555#..##
, ,
.......(##(.##34@##..#
,,,
........##.####o####.#
, .......(##.+ #.oo +.#
,, , ......(.##.#
#._.#*#.#* , ,
........##.+ #).:# +.#
,
........##.#########.#
, .......o.#..## ##..#
, ,
.........##..#+#+#..##
, ,
..........##.......##,
,, ,


You could see an orc knight, an orc warrior, a friendly orange demon, a friendly
ynoxinul and 6 friendly ufetubi.

Vanquished Creatures
  Gastronok (D:8)
  3 two-headed ogres
  A wraith (D:10)
  A wyvern (D:10)
  4 yaks (D:10)
  A steam dragon (D:9)
  2 hungry ghosts
  Edmund (D:5)
  An acid dragon (D:10)
  5 ice beasts
  2 orc warriors
  A sky beast (D:5)
  3 ogres
  3 black bears
  3 phantoms
  A necrophage (D:10)
  7 centaurs
  2 crocodiles
  2 bullfrogs
  2 gnoll sergeants
  4 scorpions
  9 killer bees
  A howler monkey (D:8)
  A wight (D:10)
  2 crimson imps
  3 hounds
  2 jellies
  2 bullfrog skeletons
  2 orc priests
  6 iguanas
  14 orc wizards
  2 centaur skeletons
  An iron imp (D:6)
  7 worker ants
  A worker ant zombie (D:6)
  6 gnolls
  6 adders
  A howler monkey skeleton (D:8)
  2 shadow imps
  2 oozes (D:2)
  2 adder skeletons
  6 worms
  A dart slug (D:2)
  4 leopard geckos
  51 orcs
  6 giant cockroaches
  8 goblins
  5 hobgoblins
  6 jackals
  3 kobolds
  3 quokkas
  A ball python (D:3)
  A ball python skeleton (D:5)
  2 bats
  2 frilled lizards (D:3)
  A leopard gecko skeleton (D:7)
  A leopard gecko zombie (D:9)
  2 rats (D:3)
225 creatures vanquished.

Vanquished Creatures (collateral kills)
  An orc warrior (Bailey)
1 creature vanquished.

Grand Total: 226 creatures vanquished

Notes
Turn   | Place    | Note
-------+----------+-------------------------------------------
     0 | D:1      | EnegeticOcto the Deep Dwarf Fighter began the quest for the
                  | Orb.
     0 | D:1      | Reached XP level 1. HP: 20/20 MP: 1/1
    60 | D:2      | Found a sparkling altar of Nemelex Xobeh.
   131 | D:2      | Reached XP level 2. HP: 22/27 MP: 2/2
   291 | D:2      | Reached XP level 3. HP: 32/34 MP: 3/3
   456 | D:3      | Found a glowing drain.
   477 | D:3      | Reached skill level 1 in Dodging
   488 | Sewer    | Entered a sewer
   628 | D:3      | Reached skill level 3 in Axes
   628 | D:3      | Reached XP level 4. HP: 28/42 MP: 4/4
   999 | D:3      | Found a sacrificial altar of Ru.
  1055 | D:3      | Reached XP level 5. HP: 49/49 MP: 4/4
  1269 | D:4      | Reached skill level 4 in Axes
  1355 | D:4      | You fall into a shaft and drop 2 floors!
  1363 | D:6      | Reached XP level 6. HP: 28/57 MP: 5/5
  1372 | D:6      | Found a snail-covered altar of Cheibriados.
  1426 | D:6      | Found a glowing silver altar of Zin.
  1467 | D:6      | Reached XP level 7. HP: 46/66 MP: 6/6
  1482 | D:5      | Entered Level 5 of the Dungeon
  1524 | D:5      | Found Paphaps's Magic Scroll Shop.
  1524 | D:5      | Found a burning altar of Makhleb.
  1532 | D:5      | Became a worshipper of Makhleb the Destroyer
  1540 | D:5      | Reached skill level 5 in Axes
  1546 | D:5      | Reached skill level 1 in Invocations
  1561 | D:5      | Bought a scroll of magic mapping for 42 gold pieces
  1770 | D:4      | Found a stormy altar of Qazlal.
  1941 | D:4      | Reached skill level 5 in Fighting
  2530 | D:5      | Reached skill level 5 in Shields
  2530 | D:5      | Reached XP level 8. HP: 66/74 MP: 8/8
  2611 | D:5      | Reached skill level 5 in Armour
  2630 | D:5      | Noticed Edmund
  2662 | D:5      | Killed Edmund
  2778 | D:5      | Reached skill level 6 in Axes
  2945 | D:6      | Found a hazy altar of Hepliaklqana.
  3294 | D:6      | Found a glowing golden altar of the Shining One.
  3322 | D:7      | Found Gagusk's Assorted Antiques.
  3328 | D:7      | Bought a scroll labeled GAMNOLL EJEQ for 25 gold pieces
  3328 | D:7      | Bought a scroll labeled GAMNOLL EJEQ for 25 gold pieces
  3328 | D:7      | Bought a murky black potion for 22 gold pieces
  3328 | D:7      | Bought a sapphire potion for 22 gold pieces
  3328 | D:7      | Bought 2 murky inky potions for 45 gold pieces
  3358 | D:7      | Gained mutation: You possess an exceptional clarity of
                  | mind. [potion of mutation]
  3358 | D:7      | Gained mutation: You are frail. (-10% HP) [potion of
                  | mutation]
  3358 | D:7      | Gained mutation: Your spells are a little easier to cast,
                  | but a little less powerful. [potion of mutation]
  3358 | D:7      | Gained mutation: You have a pair of small horns on your
                  | head. [potion of mutation]
  3404 | D:7      | Reached * piety under Makhleb
  3454 | D:7      | Found a staircase to the Ecumenical Temple.
  3989 | D:7      | Reached skill level 7 in Axes
  3989 | D:7      | Gained mutation: You passively map the area around you.
                  | [Deep Dwarf growth]
  3989 | D:7      | Reached XP level 9. HP: 65/73 MP: 7/7
  4238 | D:8      | Noticed Gastronok
  4269 | D:8      | Killed Gastronok
  4269 | D:8      | Reached skill level 8 in Axes
  4269 | D:8      | Reached skill level 5 in Dodging
  4269 | D:8      | Reached skill level 5 in Invocations
  4270 | D:8      | Found Vygg's Antique Weapon Boutique.
  4323 | D:8      | Found a staircase to the Lair.
  4369 | D:8      | Reached XP level 10. HP: 81/84 MP: 7/7
  4434 | D:8      | Reached ** piety under Makhleb
  4747 | D:8      | Found Luoxteiss's Gadget Boutique.
  4930 | D:9      | Noticed a two-headed ogre
  4954 | D:9      | Killed a two-headed ogre
  4982 | D:9      | Found an opulent altar of Gozag.
  4982 | D:9      | Found a blossoming altar of Fedhas.
  5134 | D:9      | Reached skill level 9 in Axes
  5300 | D:9      | Reached *** piety under Makhleb
  5485 | D:9      | Noticed a two-headed ogre
  5497 | D:9      | Killed a two-headed ogre
  5800 | D:9      | Found a shattered altar of Ashenzari.
  5824 | D:10     | Entered Level 10 of the Dungeon
  5827 | D:10     | Found Hezedghop's Food Shop.
  5883 | D:10     | Found Inux's Book Shop.
  6025 | D:10     | Reached XP level 11. HP: 83/93 MP: 5/7
  6184 | D:10     | Noticed a two-headed ogre
  6217 | D:10     | Killed a two-headed ogre
  6217 | D:10     | Reached skill level 10 in Axes
  6289 | D:10     | Found a flagged portal.
  6294 | Bailey   | Entered a bailey
  6304 | Bailey   | Reached **** piety under Makhleb
  6371 | Bailey   | Found a roughly hewn altar of Beogh.
  6371 | Bailey   | Noticed an orc knight
  6384 | Bailey   | Mangled by an orc warrior

Levels and vault maps discovered:
D:1:      tarquinn_simple_flora_water_d, layout_basic
D:2:      layout_basic, nemelex_xobeh_ov_fountains_minmay,
          chequers_ecumenical_altar_twisty, minmay_misc_feat_encased
D:3:      minmay_bubble_buster, layout_basic, nicolae_ru_awakened_eye,
          portal_sewer_entry_d, minmay_misc_feat_cross
D:4:      layout_layer_cave, grunt_qazlal_clouds
D:5:      layout_cave_pools, serial_shops, shop, basic_altar, first_ration,
          kennysheep_cross_room, uniq_edmund
D:6:      layout_loops_ring, tso_altar, slow_altar_2, lemuel_crystal_altar,
          overflow_temple_1_default
D:7:      layout_gridville, minmay_temple_entry_purple_smoke, serial_shops, shop
D:8:      layout_loops_ring, lair_entry_dummy, serial_shops, shop,
          nicolae_shop_stone, uniq_gastronok
D:9:      layout_basic, kennysheep_mini, nicolae_overflow_hidden_temple,
          serial_curves, eino_curves_03, eino_curves_04
D:10:     minmay_opposing_rooms, layout_basic, enter_bailey_3, serial_shops,
          shop, shop, shop_coins
Bailey:   bailey_polearm_2, bailey

Skill      XL: |  1  2  3  4  5  6  7  8  9 10 11 |
---------------+----------------------------------+-----
Fighting       | 3 4 5 6 7 8 9 |  9.0
Dodging        | 1 2 3 4 5 6 |  6.7
Axes           | 3 4 5 7 8 9 10 | 10.1
Armour         | 4 5 6 7 |  7.6
Shields        | 4 5 6 7 |  7.8
Invocations    | 2 3 5 6 7 |  7.1

Action                   |  1- 3 |  4- 6 |  7- 9 | 10-12 || total
-------------------------+-------+-------+-------+-------++-------
Melee: War axe           |    92 |   146 |    21 |       ||   259
       Hand axe          |       |       |   270 |   339 ||   609
       Headbutt          |       |       |    25 |    74 ||    99
Invok: Lesser Servant of |       |       |       |     3 ||     3
 Abil: Heal Wounds       |     1 |     5 |    10 |    23 ||    39
  Use: Scroll            |       |       |    14 |     2 ||    16
       Potion            |       |       |     1 |     1 ||     2
  Eat: Chunk             |       |     3 |     9 |    10 ||    22
Armor: Scale mail        |    39 |    63 |    25 |       ||   127
       Chain mail        |       |       |    66 |   120 ||   186
       Skin              |       |       |     3 |       ||     3
Dodge: Dodged            |    34 |    60 |    83 |   154 ||   331
Block: Kite shield       |    36 |    88 |   155 |   249 ||   528

Table legend:
 A = Non-vault XP
 B = Vault XP
 C = Vault XP percentage of total XP
 D = Non-vault monster count
 E = Vault monster count
 F = Vault count percentage of total count
                 A         B        C        D         E       F
            +---------+---------+-------+---------+---------+-------
      Total |   10119 |    3851 |  27.6 |     199 |      27 |  11.9
            +---------+---------+-------+---------+---------+-------
        D:1 |       2 |       0 |   0.0 |       1 |       0 |   0.0
        D:2 |      45 |       0 |   0.0 |      14 |       0 |   0.0
        D:3 |     190 |      25 |  11.6 |      26 |       8 |  23.5
        D:4 |     215 |       0 |   0.0 |      14 |       0 |   0.0
        D:5 |     804 |     157 |  16.3 |      17 |       1 |   5.6
        D:6 |     351 |      39 |  10.0 |       9 |       1 |  10.0
        D:7 |    1026 |       0 |   0.0 |      25 |       0 |   0.0
        D:8 |    1199 |    2255 |  65.3 |      34 |       1 |   2.9
        D:9 |    3133 |       0 |   0.0 |      29 |       0 |   0.0
       D:10 |    3154 |    1298 |  29.2 |      30 |      12 |  28.6
     Bailey |       0 |      77 | 100.0 |       0 |       4 | 100.0
            +---------+---------+-------+---------+---------+-------
